[Event "Ramat Gan Masters-A Winter 2023"]
[Site "Ramat Gan/ISR"]
[Date "2023.01.17"]
[Round "1.8"]
[White "Levitan, Ronit"]
[Black "Lapushnian, Maya"]
[Result "1-0"]
[Annotator "TA"]
[ECO "C00"]
[WhiteElo "2064"]
[BlackElo "1707"]
[PlyCount "49"]
[EventDate "2023.01.17"]
[EventType "swiss"]
[SourceTitle "playchess.com"]
[Source "ChessBase"]
[SourceQuality "1"]
[TimeControl "5400+30"]

1. e4 c5 2. Nf3 e6 3. g3 Nc6 4. Bg2 Nf6 5. d3 d5 6. Qe2 Be7 7. O-O O-O 8. e5 Nd7 9. c4 d4 10. h4 h6 {[%emt 0:06:30] C00: French: Unusual White 2nd moves.} 11. Re1 Rb8 (11... f6 $11) 12. Bf4 $1 $14 b5 {[%emt 0:09:53] White has an edge.} 13. Nh2 {[%emt 0:11:25] [#]} Qc7 $146 (13... Bb7 $14) ({Predecessor:} 13... Bb7 14. b3 bxc4 15. bxc4 Nb4 16. Bh3 Qc7 17. a4 Qc6 18. f3 a5 19. Rc1 Nb6 {0-1 Chigaeva,A (2087)-Petrov,A (2411) Dvorkovich Memorial op 2013 (1)}) 14. cxb5 Rxb5 {[%emt 0:00:46] [#]} 15. Na3 (15. Ng4 $1 $16 ) 15... Rb8 $1 {[%emt 0:00:28] [#]} 16. Nc4 (16. Ng4 $1 $18 ) 16... Ba6 17. b3 Rfd8 (17... Rfc8 $11) 18. Qh5 {[%emt 0:08:13] Black must now prevent Ng4.} Bf8 19. Ng4 $1 {[%emt 0:04:44] Threatens to win with Nd6.} g6 $2 {[%emt 0:13:08][%mdl 8192] Black cannot hold the game after this.} ({Black should play} 19... Bxc4 $14 20. dxc4 Rdc8) 20. Nxh6+ $18 Kh7 (20... Bxh6 $142 21. Qxh6 Bxc4 22. dxc4 Ne7) 21. Be4 (21. Nxf7+ $2 gxh5 22. Ng5+ Kg8 23. Nxe6 Qc8 24. Nxd8 Nxd8 $19) 21... Kg7 22. Qf3 Ncxe5 23. Nxe5 {[%emt 0:00:27][%mdl 64] Remove Defender} Nxe5 24. Bxe5+ {[%emt 0:00:21][%mdl 64] Remove Defender} Qxe5 25. Qxf7+ {[%emt 0:00:22] Weighted Error Value: White=0.60/Black=1.09} 1-0

[Event "Ramat Gan Masters-A Winter 2023"]
[Site "Ramat Gan/ISR"]
[Date "2023.01.17"]
[Round "1.9"]
[White "Gurevich, Neria"]
[Black "Gavriely, Or"]
[Result "1/2-1/2"]
[Annotator "TA"]
[ECO "D46"]
[WhiteElo "1543"]
[BlackElo "1991"]
[PlyCount "105"]
[EventDate "2023.01.17"]
[EventType "swiss"]
[SourceTitle "playchess.com"]
[Source "ChessBase"]
[SourceQuality "1"]
[TimeControl "5400+30"]

1. d4 Nf6 2. c4 e6 3. Nf3 d5 4. Nc3 c6 5. e3 Nbd7 6. Bd3 Bd6 7. O-O O-O 8. e4 dxe4 9. Nxe4 Nxe4 10. Bxe4 Nf6 11. Bc2 b6 {[%emt 0:07:49] 11...c5 is setting a new trend.} 12. Bg5 h6 {[%emt 0:02:55] D46: Semi-Slav: 5 e3 Nbd7 6 Bd3, Black avoids the Meran.} 13. Bh4 Bb7 {[%emt 0:06:18] [#]} (13... c5 $142) 14. Qd3 (14. Ne5 $142 $1) 14... g6 $2 (14... g5 $16 15. Bg3 c5) 15. Rfe1 {[%emt 0:00:00][%cal Oe1e6] Rxe6! is the strong threat.} Re8 16. Ne5 Bxe5 {[%emt 0:03:45] [#]} 17. Rxe5 $146 {[%emt 0:00:00] Hoping for Rae1.} (17. dxe5 Qxd3 18. Bxd3 Nh5 $14) ({Predecessor:} 17. dxe5 Qxd3 18. Bxd3 Nd7 19. Rad1 Nf8 20. Be4 g5 21. Bg3 Re7 22. Rd6 c5 23. Bc2 {½-½ De Oliveira,G (1764)-Zimmermann,K (1918) Catarinense-ch 2016 (5)}) 17... c5 (17... b5 $142 18. c5 (18. cxb5 Rc8 $16) 18... a5) 18. d5 $18 {[%emt 0:00:00] Black must now prevent Rae1.} ({Less strong is} 18. dxc5 g5 19. Bg3 Qxd3 20. Bxd3 Nd7 $14) 18... g5 (18... exd5 $2 19. Rxe8+ Qxe8 20. Bxf6) 19. Qg3 (19. Bg3 $18) 19... Nh5 $1 $14 (19... exd5 $2 20. Bxg5 Nh5 21. Bxd8+ $18) 20. Qg4 (20. Qh3 $1 $14 Qf6 21. Bg3 (21. Rae1 gxh4 22. Rxh5 exd5 $11) 21... exd5 22. Rxe8+ Rxe8 23. Qxh5 Qxb2 24. Qd1) 20... Ng7 $11 (20... exd5 $2 21. Bxg5 hxg5 22. Rxg5+ (22. Rxe8+ Qxe8 23. Qxh5 Qe5 $14) 22... Kf8 23. Rg8+ (23. Rxh5 Qf6 $18) 23... Ke7 24. Re1+ Kd6 25. Rgxe8 Qxe8 26. Rxe8 Rxe8 27. h4 $18 (27. Qxh5 $2 Re1#)) 21. Bxg5 $40 {[%emt 0:00:00][%mdl 192] Double Attack. White mounts an attack.} f5 $2 {[%emt 0:09:44] Black is weak on the dark squares} (21... hxg5 $11 22. Rxg5 Qf6) 22. Bxd8 $16 {[%emt 0:00:00] Qg6 would be deadly.} fxg4 23. Bf6 {[%emt 0:00:00] And now Rae1 would win.} exd5 {[%emt 0:00:53] [#]} 24. cxd5 {[%emt 0:00:00] White is much more active.} ({White should play} 24. Be7 $1 $16) 24... Rxe5 $14 25. Bxe5 {[%emt 0:00:00] Threatens to win with Rd1. This pair of bishops is nice.} Bxd5 26. a3 Re8 27. Bc3 Be4 28. Bb3+ Kh7 29. Bxg7 ({Better is} 29. Ba4 $16 Rf8 30. Re1) 29... Kxg7 $16 {[%emt 0:00:10][%mdl 4096] Endgame KRB-KRB. The position is equal.} 30. Re1 Bc6 {[%emt 0:01:55][%cal Re8e1] Against Ba4} 31. Rxe8 Bxe8 $11 {[%emt 0:00:03] KB-KB} 32. Kf1 Bc6 33. g3 Kf6 34. Ke2 Ke5 35. Ke3 b5 36. Bd1 Bd7 37. f3 gxf3 38. Bxf3 a5 39. h4 Bf5 40. Bc6 b4 41. axb4 axb4 42. Bb5 Be6 43. Be2 c4 44. g4 Bf7 45. g5 hxg5 46. hxg5 Kd5 47. Bf3+ Kc5 48. Be4 Kb5 49. Kd2 Kc5 50. Bh7 Kd4 51. g6 c3+ 52. bxc3+ bxc3+ 53. Kc1 {[%emt 0:00:00] Weighted Error Value: White=0.20 (precise) /Black=0.23 (precise)} 1/2-1/2

[Event "Ramat Gan Masters-A Winter 2023"]
[Site "Ramat Gan/ISR"]
[Date "2023.01.17"]
[Round "1.10"]
[White "Aroeta, Benny"]
[Black "Goz, Shachar"]
[Result "1/2-1/2"]
[Annotator "TA"]
[ECO "B22"]
[WhiteElo "1978"]
[BlackElo "1623"]
[PlyCount "103"]
[EventDate "2023.01.17"]
[EventType "swiss"]
[SourceTitle "playchess.com"]
[Source "ChessBase"]
[SourceQuality "1"]
[TimeControl "5400+30"]

1. e4 c5 2. c3 e6 3. d4 cxd4 4. cxd4 d5 5. exd5 exd5 6. Nf3 Nc6 {[%emt 0:00:59] B22: Sicilian: 2 c3.} 7. Bd3 Bg4 8. O-O {[%emt 0:00:07] [#]} (8. h3 $5 Bxf3 {[%mdl 64] Remove Defender} 9. Qxf3 $11) 8... Nge7 $146 {[%emt 0:03:12] White has an edge.} ({Predecessor:} 8... Bd6 9. h3 Bh5 10. Re1+ Nge7 11. Nc3 O-O 12. Bxh7+ Kh8 13. Bc2 a6 14. a3 Bc7 {1-0 Shahinyan,D (2452)-Mitrabha,G (2445) PNWCC Opening Bl French blitz 2020 (6)}) 9. Re1 {[%emt 0:01:06] Nc3 is the strong threat.} g6 $1 10. Bg5 {[%emt 0:12:22] [#] Strongly threatening Bf6.} Bg7 {[%emt 0:00:14] Prevents Bf6.} 11. Bxe7 Nxe7 12. Qa4+ Kf8 {[%emt 0:01:09] aiming for ...Bxf3.} 13. Ne5 Bxe5 (13... Be6 $11) 14. dxe5 $16 Be6 15. Qf4 {[%emt 0:06:02] White has more active pieces. The black rooks are badly placed.} Nc6 16. Qh6+ (16. Nc3 {is more complex.} Kg7 17. Rad1 Qe7 18. Qg3) 16... Kg8 17. Nd2 (17. Na3 {keeps more tension.} Qb6 18. Nc2 Nb4 19. Nxb4 Qxb4 20. Re2) 17... Qf8 18. Qf4 (18. Qg5 $14) 18... Qb4 $11 19. g3 Qxf4 20. gxf4 Nb4 21. Bb1 Rc8 22. Nf3 {[%emt 0:01:47] [#]} (22. Kg2 $15) 22... Rc4 $1 $17 23. a3 {[%emt 0:00:54] Black must now prevent f5.} Nc6 24. Ba2 (24. f5 $17 gxf5 25. Rd1) 24... Rxf4 $19 25. Kg2 Kg7 26. h3 Re8 (26... h6 $19 27. Rad1 Rd8) 27. Rad1 $17 d4 28. Bxe6 Rxe6 29. Kg3 Rf5 30. Nxd4 Nxd4 (30... Rfxe5 $2 31. Nxe6+ fxe6 32. Rd7+ Kf6 33. Rxe5 Kxe5 34. Rxb7 $18) 31. Rxd4 Rfxe5 32. Rxe5 Rxe5 {[%emt 0:00:06][%mdl 4096] Endgame KR-KR} 33. Rd7 Rb5 34. b4 Kf6 ({Black should try} 34... a5 $17 35. Rd4 axb4 36. axb4 Kf6) 35. Kf4 (35. h4 $15) 35... Ke6 (35... a5 $142 36. Rd4 axb4 37. axb4 Ke6) 36. Rc7 h5 37. h4 f6 38. Rg7 a5 39. bxa5 Rxa5 40. Rxb7 Ra4+ 41. Kg3 Rxa3+ 42. f3 Ra5 43. Rb4 Re5 44. Rb3 Kf5 45. Rb4 g5 46. Ra4 Re3 (46... Re6 $17 47. Ra8 Rc6) 47. Kf2 (47. Ra5+ $11 Kg6 48. Kf2) 47... Rd3 {[%emt 0:01:11] Hoping for ...g4.} 48. hxg5 fxg5 49. Ra5+ Kg6 (49... Kf4 $17 50. Ra4+ Ke5 51. f4+ gxf4) 50. Ra6+ $1 $11 {[%emt 0:00:14] The position is equal.} Kf7 51. Rh6 h4 52. f4 $1 {[%emt 0:00:16] And White is the lucky defender.   Weighted Error Value: White=0.16 (very precise) /Black=0.15 (very precise)} 1/2-1/2

[Event "Ramat Gan Masters-A Winter 2023"]
[Site "Ramat Gan/ISR"]
[Date "2023.01.23"]
[Round "2.1"]
[White "Karp, Ilya"]
[Black "Hasson Shreger, Shalev"]
[Result "1-0"]
[Annotator "TA"]
[ECO "B31"]
[WhiteElo "2392"]
[BlackElo "1823"]
[PlyCount "91"]
[EventDate "2023.01.17"]
[EventType "swiss"]
[SourceTitle "playchess.com"]
[Source "ChessBase"]
[SourceQuality "1"]
[TimeControl "5400+30"]

1. e4 c5 2. Nf3 Nc6 3. Bb5 g6 4. O-O Bg7 5. c3 Nf6 6. Re1 O-O 7. h3 a6 8. Bxc6 bxc6 9. d4 {[%emt 0:02:46] B31: Sicilian: 2...Nc6 3 Bb5 g6.} d5 10. e5 Ne4 11. Be3 {[%emt 0:01:10] [#] The position is equal.} c4 $146 ({Predecessor:} 11... cxd4 12. cxd4 a5 13. Qc2 Qb6 14. Nc3 Nxc3 15. Qxc3 a4 16. Rac1 Rb8 17. Re2 Ba6 {½-½ Koentges,M (2390)-Kloster,J (2459) GER-ch48 final email 2018}) 12. b3 cxb3 13. axb3 Be6 14. Qc1 f6 15. exf6 Bxf6 (15... exf6 $11 16. Bh6 Bxh6 17. Qxh6 Qd7) 16. Ng5 (16. Nbd2 $16) 16... Nxg5 (16... Bxg5 $11 {keeps the balance.} 17. Bxg5 Qd7) 17. Bxg5 $16 Qd7 18. Qe3 {[%emt 0:03:11] Bh6 would be deadly.} Bf5 19. Nd2 Qc7 20. Ra2 a5 21. Nf3 Be4 22. Nh2 (22. Bh6 $16) 22... Bf5 (22... Qb8 $1 $14) 23. Nf1 Qb6 {[%emt 0:00:00] [#]} 24. Nd2 (24. Ra3 $1 $16) 24... Ra7 (24... Qc7 $1 $11 {remains equal.}) 25. Rea1 Rfa8 ({Better is} 25... Bxg5 26. Qxg5 c5) 26. g4 Bc8 27. Qf4 (27. Ra3 $142) 27... Bxg5 (27... Bg7 $16 {might work better.}) 28. Qxg5 $18 Qb8 29. Re1 Qd6 30. Re5 {[%emt 0:00:04] White is much more active. The black rooks are badly placed.} (30. Qe3 $142) 30... a4 (30... Rc7 $16) 31. bxa4 (31. Rxa4 $18 Kf8 32. Qh4) 31... Kg7 {[%emt 0:00:00] Black cannot hold the game after this.} (31... e6 $16 32. a5 Qf8) 32. Nb3 Rb8 33. Nc5 Rb1+ 34. Kg2 {[%emt 0:00:01] Hoping for Rae2.} h6 $2 (34... Qf6 35. Qe3 Kf7) 35. Qe3 g5 36. Re2 Kf8 37. Qd3 Rc1 38. Qh7 {[%emt 0:01:15] White mates.} Qf6 39. R2e3 Rc7 {[%emt 0:00:00] [#]} 40. Re6 $1 {[%emt 0:02:16][%cal Be5e6,Be6g6,Bg6g7][%mdl 608] Skewer} Qf4 (40... Rg1+ 41. Kxg1) 41. Qxh6+ Ke8 42. Rg6 e6 43. Qh8+ Ke7 44. Rg7+ Kd6 45. Qd8+ Bd7 46. Rxe6# {[%emt 0:00:07] A cool game by Karp.   Weighted Error Value: White=0.17 (very precise) /Black=0.57} 1-0

[Event "Ramat Gan Masters-A Winter 2023"]
[Site "Ramat Gan/ISR"]
[Date "2023.01.23"]
[Round "2.2"]
[White "Soybert, Ori"]
[Black "Levitan, Ronit"]
[Result "0-1"]
[Annotator "TA"]
[ECO "C45"]
[WhiteElo "1736"]
[BlackElo "2064"]
[PlyCount "76"]
[EventDate "2023.01.17"]
[EventType "swiss"]
[SourceTitle "playchess.com"]
[Source "ChessBase"]
[SourceQuality "1"]
[TimeControl "5400+30"]

1. e4 e5 2. Nf3 Nc6 3. d4 exd4 4. Nxd4 Nf6 5. Nxc6 bxc6 6. e5 Qe7 7. Qe2 Nd5 8. h4 (8. c4 $5 Ba6 9. Nd2 $11) 8... a5 {[%emt 0:05:13] C45: Scotch Game.} 9. c4 Ba6 (9... Nb6 $1 $15) 10. g3 Nb6 {[%emt 0:28:00] The position is equal.} 11. b3 g6 {[%emt 0:20:31] [#]} (11... Qd8 $11) 12. Bg2 $146 ({Predecessor:} 12. Ba3 c5 13. h5 Bg7 14. Bb2 Bb7 15. Rh2 O-O 16. a4 Rfe8 17. f4 d6 18. Nd2 dxe5 19. hxg6 fxg6 {0-1 Bugayev,V-Dev,S (2243) Titled Tuesday intern op 12th Oct blitz 2021 (1)}) 12... Bg7 13. Bb2 (13. f4 $14) 13... O-O 14. O-O Rfe8 15. Re1 (15. Qc2 $14 {was preferrable.}) 15... f6 16. e6 Qxe6 17. Qxe6+ Rxe6 18. Rxe6 dxe6 19. Nd2 Kf7 (19... f5 $5 20. Bxg7 Kxg7 $11) 20. Bxc6 Rb8 {[%emt 0:00:47] Black is weak on the light squares} 21. Bc3 a4 22. Ne4 Bb7 23. Bxb7 Rxb7 24. Rd1 Ra7 25. Nc5 (25. Bd4 $14) 25... Bf8 26. Nd7 Be7 27. Bd4 axb3 28. axb3 Rb7 29. Nc5 Rb8 {[%emt 0:00:36] Threatens to win with ...Rd8.} 30. Na6 Rd8 {[%emt 0:03:54][%cal Oc7c5] Strongly threatening ...c5!} 31. Rd2 $1 {[%emt 0:01:40] [#]} (31. Nxc7 $2 {perishes.} e5 32. Nb5 exd4 33. Rxd4 Ra8 $19) 31... c5 $1 32. Be3 {[%emt 0:00:30] aiming for Rxd8.} Rxd2 33. Bxd2 $11 {[%emt 0:00:04][%mdl 4096] Endgame KBN-KBN} Bd6 34. Be3 Nd7 35. b4 $2 {[%emt 0:00:25][%mdl 8192] White does not recover from this.} cxb4 $19 {[%emt 0:00:13] White must now prevent ...b3. Black is clearly winning.} 36. c5 {[%emt 0:00:05] [#]} b3 $1 37. Bd4 {[%emt 0:02:16] [#]} (37. Bc1 Nxc5) 37... Nxc5 38. Nb4 {[%emt 0:00:26] [#]} (38. Nxc5 Bxc5) 38... Be5 $1 {[%emt 0:00:51] Weighted Error Value: White=0.68/Black=0.32} 0-1

[Event "Ramat Gan Masters-A Winter 2023"]
[Site "Ramat Gan/ISR"]
[Date "2023.01.23"]
[Round "2.3"]
[White "Goz, Shachar"]
[Black "Chernomordik, Pavel"]
[Result "1/2-1/2"]
[Annotator "TA"]
[ECO "B23"]
[WhiteElo "1623"]
[BlackElo "2198"]
[PlyCount "121"]
[EventDate "2023.01.17"]
[EventType "swiss"]
[SourceTitle "playchess.com"]
[Source "ChessBase"]
[SourceQuality "1"]
[TimeControl "5400+30"]

1. f4 g6 2. e4 Bg7 3. Nf3 d6 4. Nc3 c5 5. Bb5+ Nc6 6. O-O Bd7 7. Ne2 {[%emt 0:01:46] B23: Closed Sicilian: Lines without g3.} a6 8. Bxc6 Bxc6 9. Ng3 {[%emt 0:00:01] [#] Black is slightly better.} d5 $146 ({Predecessor:} 9... Nf6 10. d3 O-O 11. f5 e6 12. fxg6 fxg6 13. Ng5 Qe7 14. h4 h6 15. Nh3 Nd7 16. Nf4 Bd4+ 17. Kh1 Qxh4+ {0-1 Grinsteinner,R (1552)-Fuhrwerk,K (2163) VW-Cup9 Gr17 email 2016}) 10. e5 d4 11. c4 b5 12. d3 Nh6 13. b3 O-O 14. Qc2 Rc8 15. h3 Qd7 16. Ba3 b4 17. Bb2 f6 18. Rae1 Qc7 19. exf6 (19. Bc1 $11) 19... exf6 $17 20. Bc1 Rfe8 21. Qf2 Bd7 {[%emt 0:08:33] Dodges f5} 22. Rxe8+ Rxe8 23. Re1 Rxe1+ 24. Qxe1 Kf7 {[%emt 0:00:38] Against Qe7+} (24... Nf5 {simplifies} 25. Nh1 Bc8 26. g4 Nd6) 25. a3 bxa3 ({Black should try} 25... a5 $1 $15) 26. Bxa3 $11 Bf8 27. Ne4 {[%emt 0:06:50] Threatens to win with Qh4.} Nf5 {[%emt 0:03:40] Wards off Qh4} 28. b4 Qxf4 29. bxc5 Bh6 ({Resist} 29... Qe3+ 30. Qxe3 dxe3 31. g4 $16) (29... Bc6 {feels hotter.} 30. Neg5+ fxg5 31. Ne5+ Ke8) 30. Nd6+ (30. Bb4 {simplifies} Qe3+ 31. Qxe3 Bxe3+ 32. Kf1) 30... Nxd6 31. cxd6 {[%emt 0:01:29] Threatening mate with Qe7+.} Bf8 {[%emt 0:01:21] Wards off Qe7+} (31... Qe3+ $11 32. Qxe3 Bxe3+ 33. Kf1 a5) 32. Qe4 ({Better is} 32. c5 $14) 32... Bxd6 $2 (32... Qxe4 $1 $11 33. dxe4 Ke6) 33. Bxd6 $2 ({Only move:} 33. Qd5+ $18 Be6 34. Qxd6 (34. Bxd6 $2 {loses.} Qe3+ 35. Kh1 Bxd5 $19) 34... Qxd6 35. Bxd6) 33... Qxd6 $15 34. Qxd4 (34. Kf2 $11) 34... Qxd4+ $17 35. Nxd4 $11 {[%emt 0:00:01][%mdl 4096] Endgame KB-KN} a5 36. Kf2 a4 37. Nc2 Ke6 38. Ke3 Kd6 39. Kd4 g5 (39... Bc6 $15 40. g3 g5) 40. c5+ Kc6 41. Kc4 Be6+ 42. Kb4 Kd5 {[%emt 0:00:43] Prevents Nd4.} 43. g4 $2 (43. d4 $11) 43... Bd7 $19 44. d4 {[%emt 0:09:59] [#]} Ke4 $1 45. Kc4 {[%emt 0:00:58] [#]} Be6+ 46. Kb4 $2 (46. Kb5 $17 {nothing else works.}) 46... Kd3 47. Na3 Kxd4 48. Nb5+ Ke5 49. c6 (49. Nd6 $142 Bd7 50. Nf7+ Kd5 51. Nd6) 49... f5 50. Nc7 f4 $2 (50... fxg4 $19 51. hxg4 Bxg4) 51. Nxe6 $1 $11 {[%emt 0:00:28] The position is equal.} Kxe6 {[%emt 0:00:02] KP-KP} 52. Kb5 {[%emt 0:00:34][%cal Ob5b6] Hoping for Kb6!} a3 (52... f3 $5 53. Kb6 $8 Kf7 $11) 53. Kb6 $1 {[%emt 0:00:06] Black must now prevent c7.} a2 (53... Kd5 $5 54. c7 $8 a2 $11) 54. c7 a1=Q {[%emt 0:00:13] ( -> ...Qc3)} (54... a1=B 55. c8=Q+ (55. c8=R $2 {too greedy.} f3 $19) 55... Ke5 56. Qh8+ Ke4 57. Qxa1 Kf3 58. Qg1 Ke2 59. Qg2+ Ke3 60. Qf1) (54... Kd7 $5 55. Kb7 $8 Kd6 $11) 55. c8=Q+ {[%emt 0:00:07] KQ-KQ} Kf7 56. Qd7+ Kf8 {[%emt 0:00:48] ...Qf6+ is the strong threat.} (56... Kg8 $5 57. Qd5+ Kf8 58. Qf5+ Ke8 $11) 57. Qd8+ Kf7 {[%emt 0:00:42] And now ...Qf6+ would win.} 58. Qd7+ Kg6 59. Qe8+ Kg7 {[%emt 0:00:16] aiming for ...Qf6+.} 60. Qe7+ Kg6 {[%emt 0:00:13] ...Qf6+ would be deadly.} 61. Qe8+ {[%emt 0:00:05] White happily takes the draw.   Weighted Error Value: White=0.53/Black=0.27 (precise)} 1/2-1/2

[Event "Ramat Gan Masters-A Winter 2023"]
[Site "Ramat Gan/ISR"]
[Date "2023.01.23"]
[Round "2.4"]
[White "Gavriely, Or"]
[Black "Malachi, Avraham"]
[Result "1-0"]
[Annotator "TA"]
[ECO "E73"]
[WhiteElo "1991"]
[BlackElo "1975"]
[PlyCount "47"]
[EventDate "2023.01.17"]
[EventType "swiss"]
[SourceTitle "playchess.com"]
[Source "ChessBase"]
[SourceQuality "1"]
[TimeControl "5400+30"]

1. d4 Nf6 2. c4 g6 3. Nc3 Bg7 4. e4 d6 5. Be2 O-O 6. Be3 e5 7. d5 a5 8. g4 Ne8 {[%emt 0:00:15] [#] E73: King's Indian: Averbakh Variation without 6...c5.} (8... Na6 $142) 9. g5 {[%emt 0:00:07] White is more active.} ({Better is} 9. h4 $1 $16) 9... f5 $14 10. gxf6 Qxf6 (10... Nxf6 $14 11. h4 Nbd7) 11. Qd2 {[%emt 0:06:25] [#]} h6 $146 ({Predecessor:} 11... Na6 12. O-O-O Nc5 13. h4 Qf7 14. h5 Nf6 15. h6 Bh8 16. Rh4 Bd7 17. Nf3 Qe8 {1-0 Astengo,M (2032)-Pfeufer,L Bolzano op 15th 2000 (8)}) 12. h4 (12. O-O-O $18) 12... Na6 $16 13. O-O-O Kh7 (13... Nc5 $16) 14. Nh3 (14. Nf3 $18) 14... Bxh3 (14... Qe7 $16) 15. Rxh3 $18 Nc5 16. Rg1 Rg8 (16... Qe7 $142 17. b3 Rf7) 17. Bg4 {[%emt 0:07:57] And now Rhg3 would win.} Bf8 $2 (17... Qe7 {keeps fighting.} 18. Rhg3 Nf6) 18. Bg5 Qf7 (18... Qg7 {might work better.} 19. h5 hxg5 20. hxg6+ (20. Qxg5 Rh8 $16) 20... Kxg6) 19. Rf3 {[%emt 0:03:33] White is clearly winning.} Qg7 20. Be6 Nxe6 21. dxe6 hxg5 22. Rf7 gxh4 23. Qg5 {[%emt 0:06:49][%cal Rg5h4] [#]} ({Not} 23. Rxg7+ Nxg7 24. Qg5 Nxe6 25. Qxh4+ Bh6+ 26. Kb1 g5 $18) 23... Kh8 24. Rh1 {[%emt 0:02:25] Weighted Error Value: White=0.35/Black=0.89} ({Worse is} 24. Qxh4+ Qh6+ 25. Qxh6+ Bxh6+ $15) 1-0

[Event "Ramat Gan Masters-A Winter 2023"]
[Site "Ramat Gan/ISR"]
[Date "2023.01.23"]
[Round "2.5"]
[White "Azoulay, Yehonatan"]
[Black "Aroeta, Benny"]
[Result "0-1"]
[Annotator "TA"]
[ECO "C47"]
[WhiteElo "1770"]
[BlackElo "1978"]
[PlyCount "86"]
[EventDate "2023.01.17"]
[EventType "swiss"]
[SourceTitle "playchess.com"]
[Source "ChessBase"]
[SourceQuality "1"]
[TimeControl "5400+30"]

1. e4 e5 2. Nf3 Nf6 3. Nc3 Nc6 4. d4 exd4 5. Nxd4 Bb4 6. Nxc6 bxc6 7. Bd3 d5 8. Bd2 O-O 9. O-O Re8 {[%emt 0:10:53] C47: Scotch Four Knights and Four Knights with 4 g3.} 10. Re1 Bg4 11. Qc1 (11. f3 $11 {keeps the balance.} dxe4 12. Bxe4 Nxe4 13. Nxe4 Qd4+ 14. Kh1 Bxd2 15. Nxd2) 11... Bh5 (11... dxe4 $1 $17 12. Bc4 Qd4) 12. a3 (12. Nxd5 $14 Nxd5 13. exd5 Rxe1+ 14. Qxe1 Bxd2 15. Qxd2) 12... Bxc3 $11 13. Bxc3 Nxe4 14. Bxe4 dxe4 {[%emt 0:00:54] [#]} 15. Qe3 $146 ({Predecessor:} 15. Qf4 Qe7 16. Re3 Rad8 17. Rg3 Bg6 18. h4 Rd5 19. Re1 Qd6 20. Qe3 Qc5 21. Qxc5 Rxc5 {1-0 Castro Castro,J (1493)-Claro Molinares,S (1638) COL Intercollegiate-ch 2022 (2.5)}) 15... Qe7 16. Qg3 f5 17. Qf4 Qf7 18. Re3 Re6 {[%emt 0:02:38][%cal Oh5f3] Black is weak on the dark squares} 19. Rg3 {[%emt 0:00:59] Inhibits Bf3.} Rg6 20. Rxg6 hxg6 21. h3 Rd8 22. Kh2 {[%emt 0:02:53][%mdl 1024] White has compensation.} Rd5 23. Rg1 {[%emt 0:01:20] [#]} g5 24. Qe3 (24. Qxg5 $5 Bd1 25. Qc1 $14) 24... c5 25. g3 (25. Qxg5 $11 Bd1 26. Qc1) 25... Qe7 $15 26. Bd2 (26. Re1 $15) 26... Qd6 $19 27. Bc3 {[%emt 0:00:13] [#]} Qd8 ({Black should try} 27... Qh6 $1 $19 {Hoping for ...Bf3.} 28. Ba5 Bf3 29. Bxc7 Kh7) 28. a4 $2 ({Better is} 28. g4 $15 Qd6+ 29. Kh1 fxg4 30. hxg4) 28... Bf3 29. Re1 (29. b3 {was called for.}) 29... c6 30. a5 Kh7 {[%emt 0:01:05][%cal Of5f4] And now ...f4! would win.} 31. a6 (31. Rg1 $142) 31... Kg6 {[%emt 0:00:22][%cal Of5f4] aiming for ...f4!} 32. b3 $2 (32. Rg1) 32... Qh8 {[%emt 0:00:19][%cal Of5f4] Strongly threatening ...f4!} 33. Bd2 {[%emt 0:01:16] [#]} (33. Rg1 $19 Bg4 34. Rh1) 33... f4 $1 34. Qc3 (34. Qxf3 exf3) 34... Bg4 $2 (34... Qxh3+ {mates} 35. Kxh3 g4+ 36. Kh2 Rh5+ 37. Kg1 Rh1#) 35. h4 $2 (35. gxf4 Bf3 36. Rg1 (36. fxg5 $2 {loses.} Qb8+ 37. Kg1 Qh8 $19)) 35... e3 {[%emt 0:01:36][%mdl 64] Deflection} ({Not} 35... gxh4 36. gxf4 Bf3 37. Rg1+ Kh7 38. b4 $15) 36. fxe3 fxg3+ {[%emt 0:00:18] Black mates.} ({And not} 36... gxh4 37. gxf4 Qd8 38. Bc1 $11) 37. Kg2 Qxh4 38. Rh1 {[%emt 0:00:06] [#]} Bf3+ $1 {[%emt 0:00:16][%mdl 576] Skewer, Decoy} 39. Kxf3 Qxh1+ 40. Kxg3 Qh4+ 41. Kf3 Qh3+ 42. Kf2 Rf5+ 43. Ke2 Qf1# {[%emt 0:00:09] Beautiful play by Aroeta!   Weighted Error Value: White=0.89/Black=0.44} 0-1